Map: Bel'Shir Vestige LE (Void)

Players

Loken - Winner!

  • Race: Protoss Protoss
  • League: Platinum
  • Spawn Location: 5:00

Fimp

  • Race: Terran Terran
  • Spawn Location: 11:00

VOD

Have the link to the VOD?

Description

Time

  • Played on: April 11, 2017, 4:54 p.m.
  • Length: 9:14
Show
View Real Time Build Order
Export as new Build Order

Loken Protoss - Winner!

Build Orders: 1 Gate Expand 

Get SALT Encoding   

  12  0:02  Probe (Chrono Boost)  
  13  0:12  Probe (Chrono Boost)  
  14  0:19  Pylon  
  14  0:23  Probe (Chrono Boost)  
  15  0:38  Gateway  
  15  0:41  Probe (Chrono Boost)  
  16  0:44  Assimilator  
  16  0:51  Probe (Chrono Boost)  
  17  1:03  Probe (Chrono Boost)  
  18  1:15  Probe (Chrono Boost)  
  19  1:28  Probe (Chrono Boost)  
  19  1:32  Cybernetics Core  
  20  1:41  Nexus  
  20  1:46  Probe (Chrono Boost)  
  20  1:57  Probe (Chrono Boost)  
  21  2:06  Assimilator  
  21  2:11  Mothership Core (Chrono Boost)  
  23  2:20  Pylon  
  23  2:38  Stalker, Probe (Chrono Boost)  
  23  2:39  Warp Gate  
  26  2:45  Pylon  
  26  2:49  Probe (Chrono Boost)  
  27  2:59  Twilight Council  
  27  3:01  Probe (Chrono Boost)  
  28  3:10  Probe (Chrono Boost)  
  28  3:12  Probe (Chrono Boost)  
  30  3:20  Probe (Chrono Boost)  
  30  3:24  Probe (Chrono Boost)  
  32  3:31  Probe (Chrono Boost)  
  32  3:33  Robotics Facility  
  33  3:35  Probe (Chrono Boost)  
  33  3:38  Gateway  
  33  3:39  Gateway  
  35  3:41  Probe (Chrono Boost)  
  35  3:45  Resonating Glaives  
  36  3:55  Probe (Chrono Boost)  
  36  3:57  Pylon  
  36  3:58  Probe (Chrono Boost)  
  37  4:06  Probe (Chrono Boost)  
  37  4:08  Probe (Chrono Boost)  
  37  4:09  Forge  
  39  4:12  Gateway  
  39  4:21  Observer  
  39  4:22  Gateway  
  40  4:26  Probe (Chrono Boost)  
  40  4:27  Probe (Chrono Boost)  
  42  4:37  Probe (Chrono Boost)  
  42  4:38  Probe (Chrono Boost)  
  44  4:42  Protoss Ground Weapons Level 1  
  44  4:54  Adept x3  
  50  5:01  Probe (Chrono Boost)  
  50  5:05  Gateway  
  51  5:07  Gateway x2  
  51  5:11  Probe (Chrono Boost)  
  51  5:13  Pylon  
  52  5:15  Pylon, Probe (Chrono Boost)  
  53  5:21  Adept x2  
  53  5:22  Adept, Probe (Chrono Boost)  
  53  5:25  Probe (Chrono Boost)  
  53  5:26  Pylon  
  61  5:31  Assimilator  
  61  5:32  Probe (Chrono Boost)  
  61  5:33  Assimilator  
  61  5:47  Adept x4  
  61  5:48  Adept  
  53  6:08  Probe (Chrono Boost)  
  53  6:09  Probe (Chrono Boost)  
  55  6:14  Photon Cannon  
  55  6:17  Photon Cannon  
  55  6:19  Probe x2 (Chrono Boost)  
  55  6:20  Photon Cannon  
  57  6:33  Adept  
  57  6:34  Adept x2  
  57  6:39  Warp Prism  
  49  7:45  Stalker  
  49  7:46  Stalker x6  
  49  7:47  Stalker  
  53  8:02  Nexus  
  53  8:12  Zealot x2  
  55  8:13  Zealot x5  
  55  8:14  Zealot  
  69  8:40  Zealot x2  
  69  8:41  Zealot x5  
  71  9:10  Stalker x4  
Show
View Real Time Build Order
Export as new Build Order

Fimp Terran 

Build Orders: Reaper Expand 

Get SALT Encoding   

  12  0:01  SCV  
  13  0:13  SCV  
  14  0:18  Supply Depot  
  14  0:25  SCV  
  15  0:40  SCV  
  15  0:41  Barracks  
  16  0:46  Refinery  
  16  0:52  SCV  
  18  1:04  SCV  
  18  1:16  SCV  
  19  1:29  Supply Depot  
  19  1:30  Reaper  
  20  1:33  Orbital Command  
  20  2:03  SCV  
  20  2:04  Command Center  
  21  2:18  Barracks  
  21  2:19  Barracks Reactor  
  21  2:24  Factory  
  21  2:29  SCV  
  22  2:30  Refinery  
  22  2:43  SCV  
  23  2:55  SCV  
  23  2:57  Marine x2  
  26  3:08  Starport  
  26  3:10  Factory Reactor  
  26  3:12  Barracks Tech Lab  
  26  3:16  Marine x2  
  26  3:17  SCV  
  26  3:19  Orbital Command  
  28  3:36  Engineering Bay  
  28  3:38  SCV  
  28  3:39  Marine, Engineering Bay  
  28  3:40  Marine x2  
  32  3:44  Stimpack  
  32  3:52  SCV x2  
  32  3:55  Factory Tech Lab  
  34  3:59  Medivac  
  34  4:01  Marine  
  37  4:04  Marine x2  
  39  4:24  SCV x2  
  41  4:25  Marine x3  
  44  4:32  Supply Depot  
  44  4:47  SCV x2  
  46  4:54  Marine x3, Medivac, Siege Tank  
  46  4:56  Supply Depot  
  54  5:17  SCV x2  
  54  5:18  Missile Turret  
  56  5:21  Terran Infantry Armor Level 1, Terran Infantry Weapons Level 1  
  56  5:23  Marine x3  
  56  5:25  Missile Turret  
  59  5:29  SCV  
  59  5:30  Refinery  
  59  5:31  SCV  
  59  5:33  Refinery  
  61  5:41  Marine  
  62  6:00  Supply Depot  
  62  6:01  Marine, Supply Depot  
  62  6:02  SCV x2, Marine  
  62  6:03  Marine  
  62  6:04  Medivac  
  62  6:18  Missile Turret  
  62  6:22  SCV, Marine, Siege Tank  
  62  6:24  Marine x2  
  69  6:31  Supply Depot x2  
  69  6:33  SCV  
  69  6:36  Liberator  
  69  6:39  Liberator  
  70  6:45  Supply Depot  
  70  6:50  Marine  
  70  6:51  Marine x2  
  76  6:54  Command Center  
  79  7:01  SCV x2  
  44  7:32  Marine x3  
  38  7:43  Liberator x2  
  37  7:49  Marine  
  37  7:50  Marine x2  
  37  7:53  SCV x2  
  36  8:05  SCV  
  40  8:09  Siege Tank  
  40  8:10  Marauder, Marine x2  
  47  8:30  Bunker  
  47  8:33  Supply Depot  
  47  8:34  SCV x2  
Tags
 
Add a new tag
Caveats
  • Supply blocks, unpowered buildings, or Contaminate may cause inaccurate times.
  • Supply counts are checked every 10 seconds.